 Dungeon Crawl Stone Soup version 0.28.0-45-g0d030f2227 (webtiles) character file.

Game seed: 11070622536830129339

2 GigaChad the Insei (level 1, 0/17 HPs)
             Began as a Djinni Transmuter on Apr 14, 2022.
             Hit by a stone thrown by a kobold (2 damage)
             ... on level 1 of the Dungeon.
             The game lasted 00:00:59 (165 turns).

GigaChad the Insei (Djinni Transmuter)               Turns: 165, Time: 00:00:59

Health: 0/17       AC:  2    Str: 15    XL:     1   Next: 33%
Gold:   11         EV: 12    Int: 14    God:
                   SH:  0    Dex: 13

rFire   + + .      SeeInvis .     - Unarmed
rCold   x . .      Faith    .   (no shield)
rNeg    . . .      Spirit   .   a - +0 robe
rPois   ∞          Reflect  .   (no helmet)
rElec   .          Harm     .   (no cloak)
rCorr   .          Rampage  .   (no gloves)
Will    .....                   (boots unavailable)
Stlth   +.........              (no amulet)
HPRegen 0.05/turn               c - +6 ring of strength
MPRegen 0.00/turn               (no ring)

@: flying
A: sickness immunity, fire resistance 2, cold vulnerability 1, float, innate
caster, HP casting, extra vitality 1
a: no special abilities


You were on level 1 of the Dungeon.
You visited 1 branch of the dungeon, and saw 1 of its levels.

You collected 11 gold pieces.

Inventory:

Hand Weapons
 b - a +0 mace
Armour
 a - a +0 robe (worn)
Jewellery
 c - a +6 ring of strength (left hand)


   Skills:
 + Level 1.0 Fighting
 + Level 2.1 Dodging
 + Level 3.1 Unarmed Combat
 + Level 1.5 Spellcasting


You couldn't memorise any spells.
You knew the following spells:

 Your Spells              Type           Power      Damage    Failure   Level
a - Beastly Appendage     Tmut           10%        N/A       13%         1
b - Wereblood             Tmut           5%         N/A       21%         2
c - Spider Form           Tmut/Pois      5%         N/A       36%         3
d - Ice Form              Ice/Tmut       5%         N/A       78%         4
Your spell library was empty.

Dungeon Overview and Level Annotations

Branches:
Dungeon (1/15)

Altars:


Innate Abilities, Weirdness & Mutations

You are immune to sickness and miasma.
You are immune to poison.
Your flesh is very heat resistant. (rF++)
You are vulnerable to cold. (rC-)
You float through the air rather than walking.
You learn spells naturally, not from books.
Your magical power is your life essence.
You have superior vitality. (+4 MHP)


Message History

The ball python barely misses you.
There is an open door here.
The ball python barely misses you. The ball python misses you.
Found a stone staircase leading down.
The ball python bites you. The ball python grabs you.
The ball python constricts you.
You escape the ball python's grasp.
A hobgoblin comes into view.
The giant cockroach closely misses you. The kobold hits you but does no damage.
The giant cockroach closely misses you. The hobgoblin closely misses you.
The ball python closely misses you. The ball python grabs you.
The ball python constricts you.
You barely miss the ball python. The giant cockroach bites you.
The ball python closely misses you. The ball python constricts you.
The hobgoblin hits you. The giant cockroach bites you.
You barely miss the ball python. The ball python barely misses you.
The ball python constricts you.
The giant cockroach bites you but does no damage.
The hobgoblin barely misses you.
A hobgoblin comes into view.
You closely miss the ball python. The ball python barely misses you.
The ball python constricts you.
The giant cockroach bites you but does no damage.
You hit the ball python.
You kill the ball python!
The hobgoblin hits you. The giant cockroach closely misses you.
The hobgoblin closely misses you.
You barely miss the kobold. The hobgoblin hits you.
The kobold hits you with a +0 short sword.
* * * LOW HITPOINT WARNING * * *
The giant cockroach bites you but does no damage.
The hobgoblin hits you but does no damage.
Cast which spell? (? or * to list)
You don't have enough health to cast this spell.
The hobgoblin barely misses you.
There is a stone staircase leading down here.
The giant cockroach closely misses you.
The giant cockroach bites you but does no damage.
The giant cockroach misses you.
The kobold throws a stone.
The stone hits you.
You die...

##***** #.,,,,*
***###.***,* *,,,...,,,,*
######
*,***#.############.....
#.####..Bg..Kg....>..†..
#......@..g..#####......
***############.#** #......
*,,,,,,,,,,,*,....**#......
**,***,,,,,,,......##......
*,* *,,,,,,.......##......
*,* *,,,,,................
*,* *,,,,..........#....:.
*,* *,,,,,,,,,,,,,,*,,,,*,
*,* *,,,,,,,,,,,,,,*,,,,,,


You could see a giant cockroach, 3 hobgoblins and a kobold.

Vanquished Creatures
  A bat (D:1)
  A ball python (D:1)
2 creatures vanquished.

Vanquished Creatures (others)
  A plant (D:1)
1 creature vanquished.

Grand Total: 3 creatures vanquished

Notes
Turn   | Place    | Note
-------+----------+-------------------------------------------
     0 | D:1      | GigaChad the Djinni Transmuter began the quest for the Orb.
     0 | D:1      | Reached XP level 1. HP: 17/17 MP: 0/0
   165 | D:1      | Hit by a stone thrown by a kobold

Illustrated notes

Levels and vault maps discovered:
D:1:      kennysheep_arrival_seaside, layout_basic, kennysheep_flooded_box

Action                   || total
-------------------------++-------
Melee: Unarmed           ||    13
  Use: Scroll            ||     1
Armor: Robe              ||     7
Dodge: Dodged            ||    17
